 Dungeon Crawl Stone Soup version 0.21.1-1-g345015f (webtiles) character file.

119 shakethe the Changer (level 5, -6/33 HPs)
             Began as an Octopode Transmuter on Feb 8, 2018.
             Mangled by Amaterasu's ghost (10 damage)
             ... on level 3 of the Dungeon.
             The game lasted 00:07:23 (1854 turns).

shakethe the Changer (Octopode Transmuter)          Turns: 1854, Time: 00:07:24

Health: -6/33      AC:  1    Str: 10    XL:     5   Next: 3%
Magic:  6/8        EV: 13    Int: 15    God:
Gold:   110        SH:  0    Dex: 13    Spells: 2/8 levels left

rFire    . . .     SeeInvis .     - Unarmed
rCold    . . .     Gourm    .   (no shield)
rNeg     . . .     Faith    .   (helmet restricted)
rPois    .         Spirit   .   (no amulet)
rElec    .         Reflect  .   (no ring)
rCorr    .         Harm     .   (no ring)
MR       .....                  (no ring)
Stlth    ++........             (no ring)
HPRegen  0.11/turn              (no ring)
MPRegen  0.11/turn              (no ring)
                                (no ring)
                                (no ring)

@: no status effects
A: almost no armour, stealthy swim, amphibious, 8 rings, constrict 8, camouflage
1, gelatinous body 1
a: no special abilities


You were on level 3 of the Dungeon.
You were full.

You visited 1 branch of the dungeon, and saw 3 of its levels.

You collected 110 gold pieces.

Inventory:

Missiles
 a - 27 arrows
Jewellery
 p - a cursed amulet of inaccuracy {unknown}
Scrolls
 d - a scroll of remove curse {unknown}
 e - a scroll of immolation {unknown}
 f - a scroll of amnesia {unknown}
 g - 6 scrolls of identify {unknown}
 i - 3 scrolls of fog {unknown}
 j - a scroll of magic mapping {unknown}
 l - a scroll of enchant weapon {unknown}
 m - a scroll of noise {unknown}
Potions
 h - 2 potions of curing {unknown}
 k - a potion of degeneration {unknown}
 n - 2 potions of haste {unknown}
Books
 b - a book of Changes

   Spells                             Type                      Level
   a - Beastly Appendage              Transmutation                1
   b - Sticks to Snakes               Transmutation                2
   c - Spider Form                    Transmutation/Poison         3
   d - Ice Form                       Ice/Transmutation            4
   e - Blade Hands                    Transmutation                5
Comestibles
 c - a chunk of flesh
 o - a ration


   Skills:
 - Level 1.0 Fighting
 - Level 2.0 Dodging
 - Level 3.0 Unarmed Combat
 - Level 2.0 Spellcasting
 * Level 5.0 Transmutations


You had 2 spell levels left.
You knew the following spells:

 Your Spells              Type           Power        Failure   Level  Hunger
a - Beastly Appendage     Tmut           ###...       2%          1    #......
b - Spider Form           Tmut/Pois      #.........   24%         3    ###....
c - Sticks to Snakes      Tmut           ###.....     4%          2    ###....


Dungeon Overview and Level Annotations

Branches:
Dungeon (3/15)

Altars:
Hepliaklqana
Kikubaaqudgha
Okawaru
Sif Muna
The Shining One

Annotations:
D:3 Amaterasu's ghost, amateur VSMo


Innate Abilities, Weirdness & Mutations

You cannot wear most types of armour.
You are very stealthy in the water. (Stealth+)
You are amphibious.
You can wear up to eight rings at the same time.
You can use your tentacles to constrict eight enemies at once.
Your skin changes colour to match your surroundings (Stealth+).
Your rubbery body absorbs attacks. (AC +1, EV +1)


Message History

You closely miss Amaterasu's ghost.
Amaterasu's ghost is lightly damaged.
Amaterasu's ghost completely misses you.
You hit Amaterasu's ghost but do no damage.
Amaterasu's ghost is lightly damaged.
You barely miss Amaterasu's ghost.
Amaterasu's ghost is lightly damaged.
Amaterasu's ghost hits you!
You hit Amaterasu's ghost but do no damage.
Amaterasu's ghost is lightly damaged.
Amaterasu's ghost hits you.
You hit Amaterasu's ghost but do no damage.
Amaterasu's ghost is lightly damaged.
Your transformation has ended.
Amaterasu's ghost hits you.
* * * LOW HITPOINT WARNING * * *
You tentacle-slap Amaterasu's ghost.
Amaterasu's ghost is lightly damaged.
Amaterasu's ghost hits you!
You die...

### #..# #.. #..# #.#
#..# #.# ##.. #.# ...
####<##### #g#
#........#
#######W#####.##.###.#
.......@.......#.# #.#
#############.##.###.###
#.##........
#.####...... #.# #.#####
#.. ######### #.# #.#
...###.......# #.# #.#
....##.#####.# #.# #.#
.##.##.# #.# #.# #.#


You could see Amaterasu's ghost and a hobgoblin.

Vanquished Creatures
  3 adders
  4 gnolls (D:2)
  A worm (D:2)
  A dart slug (D:1)
  3 leopard geckos (D:1)
  3 giant cockroaches
  4 goblins (D:1)
  9 hobgoblins
  2 jackals (D:1)
  2 kobolds
  A quokka (D:2)
  A ball python (D:2)
  6 bats
  4 frilled lizards
  2 rats
46 creatures vanquished.

Notes
Turn   | Place    | Note
-------+----------+-------------------------------------------
     0 | D:1      | shakethe the Octopode Transmuter began the quest for the Orb.
     0 | D:1      | Reached XP level 1. HP: 13/13 MP: 3/3
    82 | D:1      | Reached XP level 2. HP: 16/18 MP: 3/5
   171 | D:1      | Reached skill level 3 in Transmutations
   472 | D:1      | Reached XP level 3. HP: 14/23 MP: 4/6
   730 | D:2      | Learned a level 3 spell: Spider Form
   733 | D:2      | Learned a level 2 spell: Sticks to Snakes
   810 | D:2      | Found a deep blue altar of Sif Muna.
   847 | D:2      | Reached skill level 4 in Transmutations
   866 | D:2      | Reached XP level 4. HP: 21/28 MP: 5/7
   871 | D:2      | Found an iron altar of Okawaru.
  1371 | D:2      | Found an ancient bone altar of Kikubaaqudgha.
  1424 | D:2      | Found a hazy altar of Hepliaklqana.
  1430 | D:2      | Found a glowing golden altar of the Shining One.
  1829 | D:3      | Reached skill level 5 in Transmutations
  1829 | D:3      | Reached XP level 5. HP: 30/33 MP: 8/8
  1839 | D:3      | Noticed Amaterasu's ghost (amateur VSMo)
  1854 | D:3      | Mangled by Amaterasu's ghost

Skill      XL: |  1  2  3  4 |
---------------+-------------+-----
Transmutations | 3 4 5 |  5.0
Fighting       | |  1.0
Dodging        | |  2.0
Unarmed Combat | |  3.0
Spellcasting   | |  2.0

Action                   |  1- 3 |  4- 6 || total
-------------------------+-------+-------++-------
Melee: Unarmed           |    68 |    68 ||   136
       Constrict         |    20 |    12 ||    32
       Tentacles         |    12 |    13 ||    25
       Kick              |    20 |     7 ||    27
 Cast: Beastly Appendage |    23 |    10 ||    33
       Spider Form       |       |     2 ||     2
 Stab: Sleeping          |     5 |     2 ||     7
  Eat: Ration            |       |     2 ||     2
       Chunk             |       |     2 ||     2
Armor: Skin              |     6 |     4 ||    10
Dodge: Dodged            |    32 |    59 ||    91
